 Dungeon Crawl Stone Soup version 0.31-a0-750-gfe7b580527 (webtiles) character file.

Game seed: 4687992849238136331

20289 Newt the Slicer (level 13, -4/73 HPs)
             Began as a Kobold Hunter on Sept 14, 2023.
             Was an Elder of Hepliaklqana.
             Slain by a two-headed ogre
             ... wielding a +0 giant club
              (12 damage)
             ... on level 13 of the Dungeon.
             The game lasted 00:14:36 (13977 turns).

Newt the Slicer (Kobold Hunter)                    Turns: 13977, Time: 00:14:37

Health: -4/73      AC: 10    Str:  5    XL:     13   Next: 11%
Magic:  0/19       EV: 22    Int: 22    God:    Hepliaklqana [****..]
Gold:   756        SH:  0    Dex: 25    Spells: 20/20 levels left

rFire   + . .        l - +9 dagger of Nyun {pain, *Corrode rF+ Int+2 Dex+3}
rCold   . . .        (no shield)
rNeg    + . .        W - +1 troll leather armour
rPois   .            d - +2 helmet "Lixol" {rN+ Str-4 Int+3 Stlth+}
rElec   .            (no cloak)
rCorr   .            (no gloves)
SInv    +            (no boots)
Will    .....        n - amulet of guardian spirit
Stlth   ++++++       s - +6 ring of intelligence
HPRegen 1.12/turn    C - ring of see invisible
MPRegen 0.16/turn

%: corrode self (3%), guardian spirit
@: no status effects
A: reduced essence, small, no large weapons, nightstalker 3, talons 1,
iridescent scales 1, see invisible, shaggy fur 1, subdued magic 1
a: Renounce Religion, Recall Ancestor, Ancestor Identity, Transference, Idealise


You were on level 13 of the Dungeon.
You worshipped Hepliaklqana.
Hepliaklqana was greatly pleased with you.
You visited 1 branch of the dungeon, and saw 13 of its levels.
You also visited: Sewer.

You collected 981 gold pieces.
You spent 225 gold pieces at shops.

Inventory:

Hand Weapons
 a - a +0 shortbow
 l - the +9 dagger of Nyun (weapon) {pain, *Corrode rF+ Int+2 Dex+3}
   (You found it on level 3 of the Dungeon)

   Int+2:     It affects your intelligence (+2).
   Dex+3:     It affects your dexterity (+3).
   rF+:       It protects you from fire.
   *Corrode:  It may corrode you when you take damage.
 H - the +9 falchion of Kismet {heavy, Will+}
   (You found it on level 8 of the Dungeon)

   Will+:     It increases your willpower.
Armour
 c - a +0 leather armour
 d - the +2 helmet "Lixol" (worn) {rN+ Str-4 Int+3 Stlth+}
   (You acquired it on level 2 of the Dungeon)

   Str-4:     It affects your strength (-4).
   Int+3:     It affects your intelligence (+3).
   rN+:       It protects you from negative energy.
   Stlth+:    It makes you more stealthy.
 z - a +4 ring mail of fire resistance
 A - an orb of energy
 U - +0 acid dragon scales
 W - a +1 troll leather armour (worn)
Jewellery
 n - an amulet of guardian spirit (around neck)
 s - a +6 ring of intelligence (left hand)
 C - a ring of see invisible (right hand)
 J - a ring of wizardry
 L - a ring of willpower
Wands
 v - a wand of mindburst (19)
 O - a wand of digging (8)
 Q - a wand of roots (5)
 R - a wand of flame (7)
 V - a wand of polymorph (6)
Scrolls
 b - 3 scrolls of butterflies
 f - 6 scrolls of immolation
 m - 2 scrolls of fog
 o - 2 scrolls of noise
 p - 3 scrolls of fear
 q - 8 scrolls of teleportation
 r - a scroll of vulnerability
 w - 8 scrolls of poison
 y - a scroll of blinking {unknown}
 F - a scroll of revelation {unknown}
 I - a scroll of brand weapon {unknown}
 K - a scroll of amnesia {unknown}
 N - a scroll of torment {unknown}
 S - a scroll of silence {unknown}
 T - a scroll of enchant armour
Potions
 g - a potion of might
 h - 3 potions of invisibility
 i - 2 potions of berserk rage
 j - 6 potions of mutation
 k - 2 potions of degeneration
 t - 3 potions of magic
 u - a potion of brilliance
 x - a potion of heal wounds
 B - 3 potions of cancellation
 D - 2 potions of enlightenment
 G - a potion of lignification
 P - a potion of ambrosia {unknown}


   Skills:
 - Level 10.0 Fighting
 - Level 14.0 Short Blades
 - Level 7.3 Ranged Weapons
 - Level 4.0 Armour
 - Level 10.0 Dodging
 - Level 9.0 Stealth
 - Level 4.0 Spellcasting
 - Level 7.5 Necromancy
 + Level 6.0 Evocations


You had 20 spell levels left.
You didn't know any spells.
Your spell library contained the following spells:

 Spells                   Type           Power      Damage    Failure   Level
 Necrotise                Necr           100%       1d9       1%          1
 Vampiric Draining        Necr           29%        2d8       1%          3
 Sting                    Tmut/Pois      12%        1d3       14%         1
 Agony                    Necr           29%        N/A       19%         5
 Poisonous Vapours        Pois/Air       6%         N/A       22%         2
 Static Discharge         Conj/Air       6%         2-3/arc   22%         2
 Mephitic Cloud           Conj/Pois/Air  3%         N/A       41%         3
 Airstrike                Air            1%         2d(1-17)  83%         4
 Cause Fear               Hex            1%         N/A       83%         4
 Olgreb's Toxic Radiance  Pois           3%         N/A       83%         4
 Summon Lightning Spire   Summ/Air       3%         N/A       83%         4
 Fireball                 Conj/Fire      1%         3d3       99%         5
 Freezing Cloud           Conj/Ice/Air   1%         6-21      99%         5
 Dragon's Call            Summ           1%         N/A       100%        9


Dungeon Overview and Level Annotations

Branches:
Dungeon (13/15)            Temple (0/1) D:7            Lair (0/5) D:10
    Orc (0/2) D:10          Sewer (visited)
 Vaults: D:13-14

Altars:
Ashenzari
Elyvilon
Hepliaklqana
Makhleb
Okawaru
Ru
Vehumet

Shops:
D:7 !   D:8 *

Annotations:
D:5 2 transporters, Man1s's ghost, amateur HOFi


Innate Abilities, Weirdness & Mutations

Your life essence is reduced to manifest your ancestor. (-10% HP)
You are small and have problems with some larger weapons.
You are completely attuned to the shadows.
You have sharp toenails.
You are partially covered in iridescent scales. (AC +2)
You have supernaturally acute eyesight. (SInv)
You are covered in fur. (AC +1)
Your spells are a little easier to cast, but a little less powerful.


Message History

The large slime creature writhes in agony.
You claw the large slime creature.
The large slime creature is severely wounded.
Unknown command.
You puncture the large slime creature!
The large slime creature writhes in agony.
The large slime creature is almost dead.
Quintus hits the large slime creature with a +0 flail!
A slime creature comes into view.
The large slime creature hits Quintus.
Unknown command.
Unknown command.
You strike the helpless large slime creature from behind!
You skewer the large slime creature like a kebab!!!
You kill the large slime creature!
Your Evocations skill increases to level 6!
Unknown command.
Unknown command.
Quintus hits the two-headed ogre with a +0 flail!
You puncture the two-headed ogre!
The two-headed ogre writhes in agony.
The two-headed ogre is heavily wounded.
The two-headed ogre hits you with a +0 giant club!
The two-headed ogre hits you with a +0 giant spiked club!
* * * LOW HITPOINT WARNING * * *
Unknown command.
You hit the two-headed ogre.
The two-headed ogre writhes in agony.
You claw the two-headed ogre, but do no damage.
The two-headed ogre is heavily wounded.
Unknown command.
Throw: throwing net
Press: ? - help, Shift-Dir - straight line, f - two-headed ogre
Aim: a two-headed ogre, wielding a +0 giant club and a +0 giant spiked club (heavily wounded, ally target, 79% to hit)
You throw a throwing net.
The throwing net barely misses the two-headed ogre.
Quintus hits the two-headed ogre with a +0 flail!
Quintus blocks the slime creature's attack.
The two-headed ogre hits you with a +0 giant club!
* * * LOW HITPOINT WARNING * * *
The two-headed ogre hits you with a +0 giant spiked club!
You die...

...#
#..###.
#J.....
#.##R.....
#(O@.....
#.###..#..
#....#
#.##.#
#.#.# ...
#.#.# ##.
##.#.#
###...)#
.......#


You could see the friendly Quintus the knight, a slime creature and a two-headed
ogre (ally target).

Vanquished Creatures
  A rakshasa (D:13)
  A centaur warrior (D:13)
  Erica (D:11)
  The ghost of olddryhag the Stinger, a novice MfVM of Gozag (D:8)
  An obsidian statue (D:9)
  Pikel (D:7)
  2 manticores
  A cyclops (D:9)
  Jeremiah (D:6)
  Psyche (D:9)
  An unseen horror zombie (D:8)
  3 trolls (D:12)
  15 slime creatures
  Sigmund (D:3)
  2 wyverns
  3 wraiths
  16 yaks
  A shadow (D:10)
  Eustachio (D:6)
  2 steam dragons
  10 vampire mosquitoes
  2 acid dragons
  2 water moccasins
  An ice beast (D:8)
  Duvessa (D:6)
  2 orc warriors
  2 wolves (D:11)
  A lemure (D:7)
  3 centaurs
  3 phantoms (D:4)
  3 bullfrogs
  2 kobold brigands
  4 scorpions
  A wyvern skeleton (D:8)
  4 wights (D:9)
  20 killer bees
  9 howler monkeys
  A centaur zombie (D:8)
  2 hounds (D:5)
  2 jellies
  4 orc priests
  2 gnoll boudas
  3 iguanas
  A scorpion zombie (D:3)
  4 sleepcaps
  Natasha (thrice) (D:3)
  10 orc wizards
  A hound skeleton (D:3)
  18 gnolls
  6 adders
  A shadow imp (D:6)
  An ufetubus (D:4)
  6 dart slugs
  39 orcs
  8 endoplasms
  6 giant cockroaches
  13 goblins
  11 hobgoblins
  9 jackals
  5 quokkas
  8 ball pythons
  A ball python zombie (D:3)
  3 bats
  A frilled lizard (D:1)
  A giant cockroach zombie (D:3)
  11 kobolds
  2 quokka zombies (D:3)
  8 rats
317 creatures vanquished.

Vanquished Creatures (collateral kills)
  A rakshasa (D:13)
  An unseen horror (D:10)
  An unseen horror skeleton (D:8)
  A wraith (D:12)
  2 yaks
  A vampire mosquito (D:12)
  Grum (D:11)
  A bullfrog (D:8)
  Dowan (D:6)
  2 killer bees
  A howler monkey (D:8)
  An iguana (D:6)
  2 orcs
  A ball python (D:7)
17 creatures vanquished.

Vanquished Creatures (others)
  2 ancestors (D:7)
  2 knights
4 creatures vanquished.

Grand Total: 338 creatures vanquished

Notes
Turn   | Place    | Note
-------+----------+-------------------------------------------
     0 | D:1      | Newt the Kobold Hunter began the quest for the Orb.
     0 | D:1      | Reached XP level 1. HP: 12/12 MP: 1/1
   228 | D:1      | Reached XP level 2. HP: 10/18 MP: 2/2
   438 | D:1      | Reached XP level 3. HP: 23/23 MP: 3/3
   828 | D:1      | Found a faded altar of an unknown god.
  1028 | D:2      | Identified a scroll of acquirement
  1028 | D:2      | Acquired the +2 helmet "Lixol" {rN+ Str-4 Int+3 Stlth+}
  1055 | D:2      | Reached XP level 4. HP: 30/30 MP: 4/4
  1081 | D:2      | Reached skill level 5 in Fighting
  1597 | D:2      | Reached XP level 5. HP: 35/35 MP: 5/5
  2374 | D:3      | Noticed Natasha
  2383 | D:3      | Killed Natasha
  2406 | D:3      | Noticed Natasha
  2409 | D:3      | Killed Natasha
  2410 | D:3      | Reached XP level 6. HP: 29/40 MP: 6/6
  2561 | D:3      | Identified the +9 dagger of Nyun {pain, *Corrode rF+ Int+2
                  | Dex+3}
  2704 | D:3      | Found a burning altar of Makhleb.
  2708 | D:3      | Noticed Natasha
  2718 | D:3      | Killed Natasha
  2719 | D:3      | Reached skill level 1 in Short Blades
  2744 | D:3      | Noticed Sigmund
  2749 | D:3      | Killed Sigmund
  2750 | D:3      | Reached skill level 4 in Short Blades
  2750 | D:3      | Reached XP level 7. HP: 44/44 MP: 7/7
  2778 | D:3      | Reached skill level 5 in Short Blades
  3547 | D:4      | Found a glowing drain.
  3565 | Sewer    | Entered a sewer
  3621 | Sewer    | Noticed a water moccasin
  3626 | Sewer    | Killed a water moccasin
  3627 | Sewer    | Reached skill level 5 in Dodging
  3695 | D:4      | Reached XP level 8. HP: 49/49 MP: 8/8
  4484 | D:4      | Found a hazy altar of Hepliaklqana.
  4497 | D:4      | Became a worshipper of Hepliaklqana the Forgotten
  4543 | D:5      | Entered Level 5 of the Dungeon
  4630 | D:5      | Reached skill level 1 in Necromancy
  4916 | D:5      | Found a transporter.
  4920 | D:5      | Noticed a two-headed ogre
  4920 | D:5      | Noticed Man1s's ghost (amateur HOFi)
  4948 | D:5      | Reached XP level 9. HP: 55/59 MP: 6/9
  5021 | D:5      | Found a transporter.
  5791 | D:6      | Reached * piety under Hepliaklqana
  5835 | D:6      | Noticed Jeremiah
  5841 | D:6      | Killed Jeremiah
  5958 | D:6      | Noticed Eustachio
  5962 | D:6      | Killed Eustachio
  6201 | D:6      | Noticed Dowan
  6203 | D:6      | Noticed Duvessa
  6212 | D:6      | Killed Duvessa
  6213 | D:6      | Killed Dowan
  6957 | D:7      | Identified the +4 mace of Ryegoupn {heavy, *Slow rCorr
                  | Int+6 Dex-3}
  6962 | D:7      | Reached XP level 10. HP: 57/57 MP: 10/10
  7014 | D:7      | Reached skill level 5 in Stealth
  7507 | D:7      | Reached skill level 5 in Evocations
  7528 | D:7      | Noticed Pikel
  7558 | D:7      | Killed Pikel
  7559 | D:7      | Reached skill level 7 in Short Blades
  7778 | D:7      | Found a sacrificial altar of Ru.
  7946 | D:7      | Found Lezudos's Distillery.
  7949 | D:7      | Bought a potion of curing for 45 gold pieces
  7949 | D:7      | Bought a potion of degeneration for 15 gold pieces
  7949 | D:7      | Bought a potion of lignification for 45 gold pieces
  7949 | D:7      | Bought a potion of cancellation for 120 gold pieces
  8092 | D:7      | Found a staircase to the Ecumenical Temple.
  8217 | D:8      | Found Ateixo's Gadget Gallery.
  8253 | D:8      | Identified the +9 falchion of Kismet {heavy, Will+}
  8256 | D:8      | Reached skill level 8 in Short Blades
  8281 | D:8      | Reached ** piety under Hepliaklqana
  8285 | D:8      | Remembered your ancestor Quintus as a knight
  8558 | D:8      | Found a runed translucent gate.
  8558 | D:8      | Found a runed translucent gate.
  8559 | D:8      | Found a runed translucent gate.
  8634 | D:8      | Reached skill level 9 in Short Blades
  8899 | D:8      | Noticed olddryhag's ghost (novice MfVM)
  8923 | D:8      | Killed olddryhag's ghost
  8924 | D:8      | Reached XP level 11. HP: 16/61 MP: 0/11
  9251 | D:9      | Noticed Psyche
  9255 | D:9      | Killed Psyche
  9284 | D:9      | Noticed a manticore
  9288 | D:9      | Killed a manticore
  9294 | D:9      | Noticed a cyclops
  9298 | D:9      | Killed a cyclops
  9396 | D:9      | Reached skill level 10 in Fighting
  9444 | D:9      | Reached skill level 1 in Armour
  9445 | D:9      | Noticed an obsidian statue
  9446 | D:9      | Noticed a soul eater
  9725 | D:9      | Noticed a sun demon
  9725 | D:9      | Killed an obsidian statue
  9967 | D:9      | Found a broken altar of Ashenzari.
 10234 | D:9      | Reached skill level 1 in Spellcasting
 10339 | D:9      | Gained mutation: You have large cloven feet. [potion of
                  | mutation]
 10340 | D:9      | Lost mutation: You have large cloven feet. [potion of
                  | mutation]
 10340 | D:9      | Gained mutation: You are resistant to electric shocks.
                  | (rElec) [potion of mutation]
 10340 | D:9      | Gained mutation: Your spells are a little easier to cast,
                  | but a little less powerful. [potion of mutation]
 10340 | D:9      | Gained mutation: You are frail. (-10% HP) [potion of
                  | mutation]
 10340 | D:9      | Gained mutation: Your mind is acute. (Int +4, Str/Dex -1)
                  | [potion of mutation]
 10341 | D:9      | Lost mutation: You are resistant to electric shocks.
                  | (rElec) [potion of mutation]
 10341 | D:9      | Lost mutation: You are frail. (-10% HP) [potion of
                  | mutation]
 10341 | D:9      | Lost mutation: Your mind is acute. (Int +4, Str/Dex -1)
                  | [potion of mutation]
 10341 | D:9      | Gained mutation: Your body sometimes deteriorates upon
                  | taking damage. [potion of mutation]
 10341 | D:9      | Gained mutation: You occasionally lose the ability to drink
                  | potions when taking damage. [potion of mutation]
 10341 | D:9      | Gained mutation: You are partially covered in iridescent
                  | scales. (AC +2) [potion of mutation]
 10341 | D:9      | Gained mutation: You are covered in fur. (AC +1) [potion of
                  | mutation]
 10342 | D:9      | Lost mutation: Your body sometimes deteriorates upon taking
                  | damage. [potion of mutation]
 10342 | D:9      | Lost mutation: You occasionally lose the ability to drink
                  | potions when taking damage. [potion of mutation]
 10342 | D:9      | Gained mutation: You have supernaturally acute eyesight.
                  | (SInv) [potion of mutation]
 10342 | D:9      | Gained mutation: You have sharp toenails. [potion of
                  | mutation]
 10374 | D:10     | Entered Level 10 of the Dungeon
 10405 | D:10     | Reached *** piety under Hepliaklqana
 10511 | D:10     | Reached skill level 10 in Short Blades
 10519 | D:10     | Reached XP level 12. HP: 37/69 MP: 9/18
 10639 | D:10     | Found a staircase to the Orcish Mines.
 10677 | D:10     | Found a radiant altar of Vehumet.
 10682 | D:10     | Found an iron altar of Okawaru.
 10683 | D:10     | Found a white marble altar of Elyvilon.
 11045 | D:10     | Found a staircase to the Lair.
 11431 | D:11     | Noticed Erica
 11435 | D:11     | Killed Erica
 11436 | D:11     | Reached skill level 11 in Short Blades
 11967 | D:11     | Noticed Grum
 11985 | D:11     | Killed Grum
 12409 | D:12     | Reached skill level 12 in Short Blades
 12505 | D:12     | Reached **** piety under Hepliaklqana
 12603 | D:12     | Reached skill level 13 in Short Blades
 13124 | D:12     | Reached skill level 14 in Short Blades
 13638 | D:13     | Noticed a centaur warrior
 13647 | D:13     | Killed a centaur warrior
 13795 | D:13     | Noticed a rakshasa
 13815 | D:13     | Killed a rakshasa
 13816 | D:13     | Reached XP level 13. HP: 26/73 MP: 2/19
 13931 | D:13     | Noticed a rakshasa
 13935 | D:13     | Killed a rakshasa
 13936 | D:13     | Reached skill level 10 in Dodging
 13977 | D:13     | Slain by a two-headed ogre

Illustrated notes

Levels and vault maps discovered:
D:1:      eino_arrival_druids_welcome, layout_loops_corners,
          basic_ecumenical_altar, chequers_serial_rivers_micro_d,
          minmay_misc_feat_hallway, minmay_ruptured
D:2:      layout_loops_ring, serial_aquarium, aquarium_bridge_straight
          [aquarium_subvault_bridge, aquarium_subvault_balcony,
          aquarium_subvault_bridge, aquarium_subvault_balcony],
          aquarium_window_corridor_3, aquarium_window_1, aquarium_window_fake,
          aquarium_window_fake, aquarium_view_2c, aquarium_view_2b,
          nicolae_concentric_dashed_squares_wild
D:3:      layout_basic, mainiacjoe_overflow_boulevard,
          dilly_guarded_unrand_morg, uniq_natasha, uniq_sigmund
D:4:      minmay_polygon_palace, layout_cave_pools,
          mainiacjoe_overflow_concentric_impassable,
          cheibrodos_sewer_entry_drain
D:5:      layout_basic, gammafunk_ghost_arena
D:6:      layout_gridville, uniq_jeremiah, uniq_eustachio, uniq_duvessa
D:7:      layout_loops_cross, nicolae_ru_great_annihilating_truth,
          minmay_temple_entry_fiery, serial_shops, nicolae_shop_behind_doors,
          uniq_pikel
D:8:      layout_cave_pools, gammafunk_ghost_necromancy, fungi_pond_lemuel,
          nicolae_shop_gadgets
D:9:      minmay_separated_statues, layout_loops_cross,
          mainiacjoe_overflow_alcove_1, minmay_three_doors, uniq_psyche
D:10:     layout_loops_ring, gammafunk_temple_overflow_forgotten,
          david_lair_shrubbed, orc_0_dummy, chequers_jeans
D:11:     layout_loops_corners, uniq_grum, uniq_erica
D:12:     layout_roguey
D:13:     layout_loops_ring, serial_shops, nicolae_shop_tiny_waterfront,
          nicolae_burly_brawl, uniq_azrael

Skill      XL: |  1  2  3  4  5  6  7  8  9 10 11 12 13 |
---------------+----------------------------------------+-----
Fighting       | 3 4 5 8 10 | 10.0
Ranged Weapons | 7 |  7.3
Short Blades   | 4 5 9 10 14 | 14.0
Dodging        | 6 9 10 | 10.0
Necromancy     | 2 7 |  7.5
Stealth        | 4 8 9 |  9.0
Evocations     | 5 6 |  6.0
Armour         | 4 |  4.0
Spellcasting   | 4 |  4.0

Action                     |  1- 3 |  4- 6 |  7- 9 | 10-12 | 13-15 || total
---------------------------+-------+-------+-------+-------+-------++-------
  Melee: Dagger            |       |    11 |   296 |   467 |    15 ||   789
         Punch             |       |       |     4 |     4 |       ||     8
         Kick              |       |       |       |    86 |     7 ||    93
   Fire: Shortbow          |    69 |    91 |       |       |       ||   160
  Throw: Throwing net      |       |       |       |     3 |     1 ||     4
 Invoke: Ancestor Life: Kn |       |       |       |     1 |       ||     1
  Evoke: Wand              |       |       |       |    10 |       ||    10
    Use: Scroll            |     4 |     1 |     5 |     9 |       ||    19
         Potion            |       |       |       |     9 |       ||     9
   Stab: Sleeping          |       |     2 |    26 |    35 |     3 ||    66
         Distracted        |       |       |     2 |     6 |     1 ||     9
         Held in net/web   |       |       |       |     2 |       ||     2
 Armour: Leather armour    |    11 |    40 |   117 |    91 |       ||   259
         Troll leather arm |       |       |       |    78 |     6 ||    84
         Acid dragon scale |       |       |       |    10 |       ||    10
  Dodge: Dodged            |    25 |    65 |   210 |   277 |     2 ||   579

Table legend: (Time is in decaauts)
 A = Elapsed time spent in this place.
 B = Non-inter-level travel time spent in this place.
 C = Inter-level travel time spent in this place.
 D = Time resting spent in this place.
 E = Time spent auto-exploring this place.
 F = Levels seen in this place.
 G = Mean time per level.
                   A        B        C        D        E       F      G
               +--------+--------+--------+--------+--------+-----+--------+
         Total |  13741 |  13197 |    544 |   2381 |   9199 |  14 |  981.5 |
       Dungeon |  13630 |  13086 |    544 |   2381 |   9123 |  13 | 1048.5 |
         Sewer |    110 |    110 |      0 |      0 |     76 |   1 |  110.0 |
               +--------+--------+--------+--------+--------+-----+--------+

Top non-repeatable levels by time:
     D:7: 1462 daAuts
     D:3: 1254 daAuts
     D:2: 1202 daAuts
    D:12: 1174 daAuts
     D:9: 1121 daAuts
     D:5: 1088 daAuts
    D:11: 1056 daAuts
     D:6: 1024 daAuts
     D:1: 1020 daAuts
     D:8: 1008 daAuts
     D:4: 967 daAuts
    D:10: 937 daAuts
    D:13: 313 daAuts
   Sewer: 110 daAuts
